cohdb
Replays
Latest Replays
All Replays
Popular Replays
Top Player Replays
Match Explorer
How It Works
Community
CoH3 Stats
Reddit
Sign in to upload your games and track your stats! →
Sign in with Steam
Match 26347478
Unlisted
Match 26347478
Overview
Messages
Build Orders
End
Selects Airborne Battlegroup
Selects Heavy Machine Gun Paradrop
Heavy Machine Gun Paradrop
Construct Weapon Support Center
M1919 Machine Gun Team
Heavy Machine Gun Paradrop
Bazooka Squad
Selects Paratrooper Squad Paradrop
Paratrooper Squad Paradrop
Paratrooper Squad Paradrop
Mechanized Support Center
Construct Tank Depot
M4A1 Sherman Medium Tank
Selects Smoke Bombing Run
Selects Supply Drop
Engineer Squad
Selects Carpet Bombing Run
Paratrooper Squad Paradrop
M4A1 Sherman Medium Tank
Improvised Armor
Carpet Bombing Run
Supply Drop
M18 Hellcat Tank Destroyer
Carpet Bombing Run
Rearm and Retrofit
Smoke Bombing Run
M4A1 Sherman Medium Tank
purepinoy
ConcernedApe
Knight of Holy Shit Order
Felippe
0
0
Comments
sign in to comment!
No comments posted yet!